 Dungeon Crawl Stone Soup version 0.13.0-17-g5f0e85f (webtiles) character file.

70905 Impy the Grappler (level 14, -2/138 HPs)
             Began as a Demonspawn Gladiator on Oct 21, 2013.
             Was a High Priest of Ashenzari.
             Slain by an eight-headed hydra (6 damage)
             ... on Level 14 of the Dungeon.
             The game lasted 02:46:49 (34364 turns).

Impy the Martial Artist (Demonspawn Gladiator)     Turns: 34364, Time: 02:46:51

HP  -2/138       AC  6     Str 24      XL: 14   Next: 88%
MP  31/31        EV 19     Int 18      God: Ashenzari [*****.]
Gold 1995        SH 19     Dex 15      Spells:  5 memorised, 21 levels left

Res.Fire  : . . .   See Invis. : +     - Unarmed
Res.Cold  : . . .   Warding    : .   x - -1 robe {MR+}
Life Prot.: . . .   Conserve   : .   Q - +2 buckler
Res.Poison: .       Res.Corr.  : .   i - +0 cap "Peyhocre" {Int+4 Dam+3}
Res.Elec. : .       Clarity    : +   o - +0 cloak
Sust.Abil.: . .     Spirit.Shd : .   (no gloves)
Res.Mut.  : .       Stasis     : .   z - +0 pair of dwarf boots (curse)
Res.Rott. : .       Flight     : .   y - cursed amulet of the gourmand
Gourmand  : +                        Y - ring of protection from magic
                                     k - cursed +4 ring of strength

@: berserking, very quick, very resistant to hostile enchantments, extremely
unstealthy
A: claws 2, powered by pain 1, spiny 3, AC +3, SH +4
a: Scrying, Transfer Knowledge, Renounce Religion


You were on level 14 of the Dungeon.
You worshipped Ashenzari.
Ashenzari was extremely pleased with you.
You were very full.

You visited 4 branches of the dungeon, and saw 27 of its levels.
You also visited: Trove.

You collected 2079 gold pieces.
You spent 104 gold pieces at shops.

Inventory:

Hand weapons
 W - a +0,+3 dagger of chaos (quivered)
Armour
 c - a +0 helmet
 e - the cursed +2 cloak of the Thief {+Fog Dam-3 SInv Stlth++}
   (You found it in a treasure trove)

   It affects your damage-dealing abilities (-3).
   It enhances your eyesight.
   It can be evoked to emit clouds of fog.
   It makes you much more stealthy.
   It has a curse placed upon it.
 i - the cursed +0 cap "Peyhocre" (worn) {Int+4 Dam+3}
   (You found it in a treasure trove)

   It affects your intelligence (+4).
   It affects your damage-dealing abilities (+3).
   It has a curse placed upon it.
 o - a +0 cloak (worn)
 r - a +2 leather armour of poison resistance
 s - a +3 troll leather armour
 x - a -1 robe of magic resistance (worn)
 z - a cursed +0 pair of dwarven boots (worn)
 C - a +1 robe of positive energy
 E - a +1 dwarven shield
 Q - a +2 buckler (worn)
 U - a +2 robe of resistance
Magical devices
 g - a wand of polymorph (13)
 F - a wand of disintegration (5)
 H - a wand of teleportation (6)
 O - a wand of fireball (3)
 R - a wand of flame (8)
 S - a wand of frost (9)
 Z - a wand of digging (14)
Comestibles
 a - a lemon
 d - 8 meat rations
 f - 9 bread rations
 h - 2 apples
 l - a lychee
 D - a choko
Scrolls
 b - a scroll of brand weapon {unknown}
 m - a scroll of random uselessness {unknown}
 w - a scroll of curse weapon
 A - 3 scrolls of fear
 I - 2 scrolls of identify
 M - 4 scrolls of curse jewellery
 P - 2 scrolls of magic mapping
Jewellery
 k - a cursed +4 ring of strength (left claw)
 q - an uncursed amulet of rage
 y - a cursed amulet of the gourmand (around neck)
 B - an uncursed ring of magical power
 J - an uncursed ring of teleport control
 L - an uncursed amulet of conservation
 N - an uncursed amulet of resist mutation
 X - an uncursed ring of protection from cold
 Y - a ring of protection from magic (right claw)
Potions
 n - a potion of restore abilities
 v - 3 potions of brilliance
 G - 7 potions of curing
Books
 u - a book of the Sky

   Spells                             Type                      Level
   *Flight                            Charms/Air                   3
   *Airstrike                         Air                          4
   Silence                            Hexes/Air                    5
   Deflect Missiles                   Charms/Air                   6
   Conjure Ball Lightning             Conjuration/Air              7
   Tornado                            Air                          9
 K - a book of Party Tricks

   Spells                             Type                      Level
   Summon Butterflies                 Summoning                    1
   Apportation                        Translocation                1
   *Blink                             Translocation                2
   Alistair's Intoxication            Transmutation/Poison         4
   Tukima's Dance                     Hexes                        5
Miscellaneous
 j - a plain deck of defence {Battlelust}
 p - an ornate deck of war {drawn: 2}
 t - a plain deck of destruction {drawn: 11}


   Skills:
 - Level 2.0 Fighting
   Level 2.9 Polearms
 - Level 1.7 Throwing
 - Level 4.2 Armour
 - Level 10.6 Dodging
 * Level 8.3 Shields
 + Level 14.3 Unarmed Combat
 - Level 11.0 Spellcasting
 - Level 8.8(11.4) Air Magic


You had 21 spell levels left.
You knew the following spells:

 Your Spells              Type           Power        Failure   Level  Hunger
a - Flight                Chrm/Air       ####......   2%          3    None
b - Cure Poison           Pois           #.........   12%         2    None
c - Mephitic Cloud        Conj/Pois/Air  ###.....     4%          3    None
d - Airstrike             Air            ######....   1%          4    ##.....
e - Blink                 Tloc           N/A          12%         2    None


Dungeon Overview and Level Annotations

Branches:
Dungeon (14/27)            Temple (1/1) D:4             Orc (4/4) D:10
    Elf (0/3) Orc:3          Lair (8/8) D:11          Swamp (0/5) Lair:6
 Spider (0/5) Lair:5        Slime (0/6) Lair:8

Altars:
Ashenzari
Cheibriados
Elyvilon
Fedhas
Kikubaaqudgha
Makhleb
Nemelex Xobeh
Sif Muna
Vehumet
Xom
Yredelemnul
Zin
the Shining One
Beogh
Jiyva

Shops:
D:7 [   D:13 *   Orc:4 (

Annotations:
D:10 Erolcha
D:14 Kirke
Orc:3 Nessos
Lair:1 exclusion: ice statue
Lair:3 exclusion: oklob plant


Innate Abilities, Weirdness & Mutations

You have very sharp fingernails.
You are mostly covered in large bone plates (AC +3, SH +4).
You sometimes gain a little power by taking damage.
You are completely covered in sharp spines.


Message History

* * * LOW HITPOINT WARNING * * *
The eight-headed hydra closely misses you.
You block the eight-headed hydra's attack.
Drink which item? (? for menu, Esc to quit)
Okay, then.
Drink which item? (? for menu, Esc to quit)
A red film seems to cover your vision as you go berserk!
You feel yourself moving faster!
You feel mighty! The eight-headed hydra bites you.
* * * LOW HITPOINT WARNING * * *
The eight-headed hydra completely misses you.
The eight-headed hydra bites you!
* * * LOW HITPOINT WARNING * * *
The eight-headed hydra closely misses you.
The eight-headed hydra bites you.
* * * LOW HITPOINT WARNING * * *
The eight-headed hydra bites you!
* * * LOW HITPOINT WARNING * * *
The eight-headed hydra bites you.
You die...

#..##..# ** , #..
##..#.!#*,** ∆*..#
#..#..# , {{#..#
##..#..#****,,#..#
#..##..*####,,##..
#..#..#..?..*,,#..
#..#...[..... ,#..
#)##)..#****,,,##.
#@#)#### ,,** * *,
#.D##, , , , **,
#.......# ,,,,,,,
######### * ****


You could see an eight-headed hydra (bleeding).

Vanquished Creatures
  A vault guard (D:12)
  8 hydras
  Fannar (Lair:3)
  An ogre mage (D:14)
  13 death yaks
  A deep troll shaman (Lair:8)
  An orc high priest (Orc:4)
  A catoblepas (Lair:8)
  A small abomination (D:12)
  3 skeletal warriors (D:12)
  2 centaur warriors (D:14)
  A deep troll (shapeshifter) (D:14)
  3 hill giants
  A wolf spider zombie (D:14)
  A griffon (D:14)
  3 elephants (Lair:8)
  3 black mambas
  16 spiny frogs
  Psyche (D:13)
  A deep elf priest (D:12)
  3 fire drakes
  An orb spider (Lair:5)
  A spriggan (shapeshifter) (D:14)
  4 komodo dragons
  2 two-headed ogres
  9 trolls
  A hydra zombie (D:11)
  Maurice (D:9)
  5 polar bears
  11 blink frogs
  2 grizzly bears (Lair:8)
  A basilisk (Lair:7)
  A wraith (D:11)
  2 griffon zombies
  A griffon skeleton (D:14)
  50 yaks
  3 wyverns
  4 hill giant zombies
  A tarantella (shapeshifter) (D:13)
  A merfolk (D:12)
  4 elephant slugs
  Eustachio (D:6)
  7 vampire mosquitoes
  A steam dragon (D:11)
  13 wolves
  3 hogs (D:14)
  Grum (Orc:1)
  A vampire (D:13)
  A hill giant skeleton (D:12)
  5 hippogriffs
  3 mottled dragons
  2 hungry ghosts
  3 manticores
  A necrophage (D:8)
  9 ice beasts
  2 phantoms
  9 orc warriors
  3 yellow wasps
  2 black bears
  4 ogres
  12 porcupines
  3 sky beasts
  5 tengu (D:9)
  12 crocodiles
  4 wargs
  11 centaurs
  11 giant slugs
  2 big kobolds
  20 water moccasins
  14 giant frogs
  13 agate snails
  15 killer bees
  A cyclops skeleton (D:14)
  An eye of draining (D:12)
  A troll zombie (D:12)
  A yak zombie (D:12)
  7 wights
  2 jellies
  11 crimson imps
  A goliath beetle (D:10)
  2 giant frog zombies
  7 hounds
  A basilisk skeleton (D:14)
  21 orc priests
  3 quasits
  3 big fish (D:12)
  5 iguanas
  22 orc wizards
  12 worker ants
  A mottled dragon zombie (D:11)
  A brain worm zombie (D:14)
  3 hound skeletons
  A worker ant zombie (D:3)
  22 green rats
  9 gnolls
  28 adders
  A steam dragon skeleton (D:10)
  A giant centipede (Lair:2)
  A white imp (Lair:1)
  3 giant mites
  3 worms (D:5)
  2 ufetubi
  A giant eyeball (D:6)
  5 giant geckos
  4 oozes
  125 orcs
  3 ball pythons
  22 bats
  2 bat zombies
  7 giant cockroaches
  14 goblins
  24 hobgoblins
  29 kobolds
  20 quokkas
  A giant gecko zombie (D:3)
  9 giant newts
  2 giant spores
  A goblin skeleton (D:5)
  A hobgoblin skeleton (D:7)
  19 jackals
  A kobold skeleton (D:5)
  An orc zombie (D:3)
  27 rats
  3 ballistomycetes
  3 fungi
865 creatures vanquished.

Vanquished Creatures (collateral kills)
  An orc priest (Orc:4)
1 creature vanquished.

Vanquished Creatures (others)
  A hydra (Lair:8)
  10 fungi
  5 plants
16 creatures vanquished.

Grand Total: 882 creatures vanquished

Notes
Turn   | Place    | Note
--------------------------------------------------------------
     0 | D:1      | Impy, the Demonspawn Gladiator, began the quest for the Orb.
     0 | D:1      | Reached XP level 1. HP: 17/17 MP: 0/0
   107 | D:1      | Reached skill level 3 in Dodging
   205 | D:1      | Gained mutation: You have sharp fingernails. [demonic ancestry]
   205 | D:1      | Reached XP level 2. HP: 23/23 MP: 1/1
   855 | D:2      | Found a snail-covered altar of Cheibriados.
  1187 | D:2      | Found a shimmering altar of Xom.
  1206 | D:2      | Reached skill level 1 in Unarmed Combat
  1211 | D:2      | Reached XP level 3. HP: 18/28 MP: 2/2
  1829 | D:2      | Gained mutation: You are partially covered in large bone plates (AC +2, SH +2). [demonic ancestry]
  1829 | D:2      | Reached XP level 4. HP: 27/35 MP: 3/3
  2721 | D:3      | Reached XP level 5. HP: 37/40 MP: 4/4
  2969 | D:3      | Noticed an ogre
  2983 | D:3      | Killed an ogre
  2983 | D:3      | Reached skill level 4 in Unarmed Combat
  3365 | D:4      | Gained mutation: You are partially covered in sharp spines. [demonic ancestry]
  3365 | D:4      | Reached XP level 6. HP: 43/46 MP: 5/5
  3604 | D:4      | Found a sparkling altar of Nemelex Xobeh.
  3897 | D:4      | Reached skill level 5 in Unarmed Combat
  4220 | D:4      | Found a staircase to the Ecumenical Temple.
  4226 | Temple   | Entered the Ecumenical Temple
  4238 | Temple   | Became a worshipper of Ashenzari the Shackled
  4328 | D:5      | Entered Level 5 of the Dungeon
  4371 | D:5      | Found a sparkling altar of Nemelex Xobeh.
  4427 | D:5      | Reached skill level 6 in Unarmed Combat
  4491 | D:5      | Gained mutation: You are mostly covered in sharp spines. [demonic ancestry]
  4491 | D:5      | Reached XP level 7. HP: 23/51 MP: 6/6
  4494 | D:5      | Gained mutation: You are somewhat resistant to further mutation. [potion of mutation]
  4494 | D:5      | Gained mutation: You digest meat inefficiently. [potion of mutation]
  5784 | D:6      | Reached skill level 7 in Unarmed Combat
  6055 | D:6      | Paralysed by a giant eyeball for 4 turns
  6064 | D:6      | Reached skill level 5 in Dodging
  6133 | D:6      | Reached XP level 8. HP: 48/58 MP: 8/8
  6291 | D:6      | Reached skill level 1 in Spellcasting
  6320 | D:6      | Noticed Eustachio
  6346 | D:6      | Killed Eustachio
  6963 | D:7      | Found a glowing golden altar of the Shining One.
  7503 | D:7      | Found Plaera's Antique Armour Shoppe.
  7753 | D:8      | Reached skill level 1 in Armour
  7753 | D:8      | Reached skill level 8 in Unarmed Combat
  7772 | D:8      | Gained mutation: You sometimes gain a little power by taking damage. [demonic ancestry]
  7772 | D:8      | Reached XP level 9. HP: 34/63 MP: 16/16
  8948 | D:9      | Noticed Maurice
  8962 | D:9      | Killed Maurice
  9130 | D:8      | Reached skill level 5 in Spellcasting
  9771 | D:9      | Reached skill level 9 in Unarmed Combat
 10207 | D:9      | Gained mutation: You have very sharp fingernails. [demonic ancestry]
 10207 | D:9      | Reached XP level 10. HP: 49/69 MP: 21/21
 10787 | D:10     | Entered Level 10 of the Dungeon
 10876 | D:10     | Found a staircase to the Orcish Mines.
 11455 | D:10     | Noticed Erolcha
 11640 | D:9      | Learned a level 3 spell: Flight
 12339 | D:10     | Reached skill level 1 in Air Magic
 12609 | D:11     | Learned a level 2 spell: Cure Poison
 12613 | D:11     | Learned a level 3 spell: Mephitic Cloud
 12760 | D:11     | Acquired Ashenzari's first power
 12761 | D:11     | Found a staircase to the Lair.
 13220 | D:11     | Found a deep blue altar of Sif Muna.
 13343 | D:11     | Reached skill level 10 in Unarmed Combat
 13681 | D:11     | Reached XP level 11. HP: 56/74 MP: 24/24
 13737 | D:11     | Noticed a hill giant
 13933 | D:11     | Killed a hill giant
 14206 | Lair:1   | Entered Level 1 of the Lair of Beasts
 14706 | Lair:1   | Identified a scroll of acquirement
 14707 | Lair:1   | Got the cursed pair of gloves of Shielding {Int+2}
 14726 | Lair:1   | Identified the cursed -1 pair of gloves of Shielding {Int+2} (You acquired it on level 1 of the Lair of Beasts)
 15877 | Lair:1   | Noticed an ice statue
 15891 | Lair:1   | Learned a level 4 spell: Airstrike
 16446 | Lair:2   | Reached skill level 5 in Air Magic
 16818 | Lair:2   | Acquired Ashenzari's second power
 16849 | Lair:2   | Noticed a six-headed hydra
 17383 | Lair:2   | Killed a six-headed hydra
 18146 | Lair:3   | Reached skill level 11 in Unarmed Combat
 18156 | Lair:3   | Noticed Fannar
 18178 | Lair:3   | Killed Fannar
 18178 | Lair:3   | Reached XP level 12. HP: 31/81 MP: 6/27
 18259 | Lair:3   | Paralysed by a potion of paralysis for 6 turns
 18321 | Lair:3   | Learned a level 2 spell: Blink
 19823 | Lair:4   | Noticed a six-headed hydra
 19830 | Lair:4   | Killed a six-headed hydra
 20359 | Lair:4   | Noticed a four-headed hydra
 20373 | Lair:4   | Killed a four-headed hydra
 20945 | Lair:5   | Reached skill level 10 in Dodging
 21791 | Lair:5   | Gained mutation: You are mostly covered in large bone plates (AC +3, SH +4). [demonic ancestry]
 21791 | Lair:5   | Reached XP level 13. HP: 38/86 MP: 29/29
 21983 | Lair:5   | Reached skill level 10 in Spellcasting
 22084 | Lair:5   | Identified the Incunabulum of the Volcanoes
 22187 | Lair:5   | Reached skill level 12 in Unarmed Combat
 22549 | Lair:5   | Found a hole to the Spider Nest.
 22563 | Lair:5   | Acquired Ashenzari's third power
 23083 | Lair:6   | Found a staircase to the Swamp.
 24840 | Lair:7   | Lost mutation: You digest meat inefficiently. [potion of cure mutation]
 24840 | Lair:7   | Lost mutation: You are somewhat resistant to further mutation. [potion of cure mutation]
 25229 | Lair:7   | Reached skill level 13 in Unarmed Combat
 25451 | Lair:8   | Entered Level 8 of the Lair of Beasts
 25473 | Lair:8   | Found a viscous altar of Jiyva.
 25473 | Lair:8   | Found a staircase to the Slime Pits.
 26106 | Lair:8   | Found a basalt altar of Yredelemnul.
 26158 | Lair:8   | Identified the Tome of Boosting Curses
 26960 | Lair:8   | Gained mutation: You are completely covered in sharp spines. [demonic ancestry]
 26960 | Lair:8   | Reached XP level 14. HP: 46/92 MP: 26/31
 28364 | Lair:7   | Reached skill level 14 in Unarmed Combat
 28659 | Orc:1    | Entered Level 1 of the Orcish Mines
 28659 | Orc:1    | Found a burning altar of Makhleb.
 28908 | Orc:2    | Found a roughly hewn altar of Beogh.
 28913 | Orc:2    | Reached skill level 1 in Shields
 29225 | Orc:3    | Acquired Ashenzari's fourth power
 29328 | Orc:4    | Entered Level 4 of the Orcish Mines
 29483 | Orc:1    | Noticed Grum
 29609 | Orc:1    | Killed Grum
 29914 | Orc:4    | Found a glowing silver altar of Zin.
 30060 | Orc:3    | Found a staircase to the Elven Halls.
 30060 | Orc:3    | Noticed Nessos
 30438 | Orc:4    | Found Jyfufran's Weapon Shoppe.
 31524 | D:12     | Found a burning altar of Makhleb.
 31926 | D:12     | Reached skill level 5 in Shields
 32034 | D:12     | Found a portal to a secret trove of treasure.
 32228 | D:13     | Noticed Psyche
 32233 | D:13     | Killed Psyche
 32596 | D:13     | Found a glowing golden altar of the Shining One.
 32749 | D:13     | Found Goap's General Store.
 32803 | D:13     | Bought a scroll of enchant armour for 104 gold pieces
 33052 | D:14     | Entered Level 14 of the Dungeon
 33479 | D:14     | Noticed Kirke
 33641 | Trove    | Entered a treasure trove
 33644 | Trove    | Identified the cursed +0 helmet of Serendipity {Str+3}
 33644 | Trove    | Identified the cursed +0 cap "Peyhocre" {Int+4 Dam+3}
 34364 | D:14     | HP: 4/138 [eight-headed hydra (16)]
 34364 | D:14     | Slain by an eight-headed hydra

Action                   |  1- 3 |  4- 6 |  7- 9 | 10-12 | 13-15 || total
-------------------------+-------+-------+-------+-------+-------++-------
Melee: Trident           |    24 |       |       |       |       ||    24
       Whip              |     1 |       |       |       |       ||     1
       Unarmed           |   177 |   269 |   482 |   973 |  1403 ||  3304
Throw: Throwing net      |    10 |     6 |       |       |       ||    16
 Cast: Airstrike         |       |       |       |    25 |   121 ||   146
       Mephitic Cloud    |       |       |       |     5 |     4 ||     9
       Flight            |       |       |       |       |     1 ||     1
 Abil: Evoke Berserk Rag |       |       |       |     1 |     1 ||     2
Evoke: Wand              |       |     1 |    24 |    16 |     5 ||    46
       Deck              |       |    11 |     2 |       |       ||    13
  Use: Potion            |     1 |     1 |    12 |     9 |     6 ||    29
       Scroll            |       |    13 |    14 |    14 |    18 ||    59
 Stab: Held in net/web   |     3 |     3 |       |       |       ||     6
       Sleeping          |       |       |       |     5 |     1 ||     6
       Confused          |       |       |       |     3 |       ||     3
       Petrifying        |       |       |       |       |     1 ||     1
       Distracted        |       |       |       |       |     1 ||     1
